 Dungeon Crawl Stone Soup version 0.31-a0-1072-g202bf7ea07 (webtiles) character file.

Game seed: 12644813662673621663

3885 Drevant2 the Spear-Bearer (level 10, -8/120 HPs)
             Began as a Merfolk Gladiator on Nov 26, 2023.
             Was an Elder of Okawaru.
             Killed by an exploding cyclops (34 damage)
             ... ignited by their inner flame
             ... on level 9 of the Dungeon.
             The game lasted 00:20:54 (9466 turns).

Drevant2 the Spear-Bearer (Merfolk Gladiator)       Turns: 9466, Time: 00:20:56

Health: -8/120     AC: 25    Str: 15    XL:     10   Next: 19%
Magic:  10/10      EV:  2    Int:  7    God:    Okawaru [****..]
Gold:   249        SH:  0    Dex: 20    Spells: 9/9 levels left

rFire   . . .        a - +0 trident
rCold   . . .        (no shield)
rNeg    . . .        b - melded +0 leather armour
rPois   +            q - melded +0 helmet
rElec   .            G - melded scarf {repulsion}
rCorr   .            (gloves currently unavailable)
SInv    .            r - melded +2 pair of boots
Will    .....        (no amulet)
Stlth   ++           d - ring of poison resistance
HPRegen 0.40/turn    (no ring)
MPRegen 0.12/turn

%: no passive effects
@: tree-form (expiring), hasted, very quick
A: stationary, stasis, torment immunity, boosted hp, (nimble swimmer 2),
(mertail)
a: Renounce Religion, Heroism, Finesse


You were on level 9 of the Dungeon.
You worshipped Okawaru.
Okawaru was greatly pleased with you.
You were a tree.
You visited 2 branches of the dungeon, and saw 10 of its levels.

You collected 469 gold pieces.
You spent 220 gold pieces at shops.

Inventory:

Hand Weapons
 a - a +0 trident (weapon)
Missiles
 e - 11 javelins
 x - a throwing net
Armour
 b - a +0 leather armour (melded)
 c - a +0 helmet
 n - a +0 pair of boots
 q - a +0 helmet (melded)
 r - a +2 pair of boots (melded)
 G - a scarf of repulsion (melded)
Jewellery
 d - a ring of poison resistance (left branch)
 o - a ring of wizardry
 B - an amulet of magic regeneration
Wands
 s - a wand of polymorph (12)
 t - a wand of flame (47)
 C - a wand of acid (6)
 E - a wand of digging (4)
 L - a wand of paralysis (4)
Scrolls
 f - a scroll of fog {unknown}
 i - a scroll of immolation
 k - a scroll of fear {unknown}
 l - a scroll of noise {unknown}
 m - a scroll of enchant weapon
 u - a scroll of vulnerability {unknown}
 v - a scroll of identify
 y - a scroll of amnesia {unknown}
 A - a scroll of brand weapon {unknown}
 H - a scroll of blinking {unknown}
 I - a scroll of poison {unknown}
 J - a scroll of torment {unknown}
Potions
 g - 6 potions of curing
 h - a potion of brilliance
 j - a potion of might
 p - a potion of lignification
 w - 2 potions of mutation
 z - a potion of berserk rage {unknown}
 D - 2 potions of haste
 F - 3 potions of magic


   Skills:
 - Level 7.8 Fighting
 * Level 14.6 Polearms
 - Level 2.0 Throwing
 - Level 9.2 Dodging


You had 9 spell levels left.
You didn't know any spells.
Your spell library contained the following spells:

 Spells                   Type           Power      Damage    Failure   Level
 Apportation              Tloc           0%         N/A       43%         1
 Jinxbite                 Hex            0%         N/A       56%         2
 Alistair's Intoxication  Tmut/Pois      0%         N/A       100%        5
 Borgnjor's Vile Clutch   Necr/Erth      0%         N/A       100%        5
 Lee's Rapid Deconstruct  Erth           0%         3d4*      100%        5
 Animate Armour           Summ/Erth      Unusable   N/A       N/A         4
 Animate Dead             Necr           Unusable   N/A       N/A         4
 Summon Lightning Spire   Summ/Air       Unusable   N/A       N/A         4
 Death Channel            Necr           Unusable   N/A       N/A         6

Dungeon Overview and Level Annotations

Branches:
Dungeon (9/15)             Temple (1/1) D:5
   Lair: D:8-11         Orc: D:9-12

Altars:
Ashenzari
Cheibriados
Dithmenos
Elyvilon
Fedhas
Gozag
Hepliaklqana
Makhleb
Nemelex Xobeh
Okawaru
Qazlal
Ru
Sif Muna
Trog
Uskayaw
Vehumet
Wu Jian
Xom
Yredelemnul
Zin
The Shining One

Shops:
D:4 =


Innate Abilities, Weirdness & Mutations

You are a tree.
Your roots penetrate the ground, keeping you stationary.
You cannot be teleported.
You are immune to unholy pain and torment.
Your maximum health is greatly increased.
Your equipment is partially melded.
((You are very nimble when in or above water. (Stealth+, EV+, Speed+++)))
((Your lower body shifts to a powerful aquatic tail in water.))


Message History

The salamander is almost dead.
You hit the salamander.
You kill the salamander!
Okawaru is honoured by your kill.
The salamander's shape twists and changes as it dies.
You cannot move.
You cannot move.
You start resting.
A cyclops comes into view.
A cyclops is nearby!
Okay, then.
Okay, then.
Okay, then.
As you read the scroll labelled NEGONY CYBAMOU, it crumbles to dust.
The creatures around you are filled with an inner flame!
It was a scroll of immolation.
Your transformation is almost over.
It was a potion of haste.
You feel yourself speed up.
You hit the cyclops.
Flame seeps out of the cyclops.
The cyclops is lightly wounded.
You puncture the cyclops!
Flame seeps out of the cyclops.
The cyclops is moderately wounded.
You barely miss the cyclops.
The cyclops is moderately wounded.
You puncture the cyclops!
Flame seeps out of the cyclops.
The cyclops is heavily wounded.
The cyclops is engulfed in blazing flames.
Flame seeps out of the cyclops.
The cyclops hits you.
* * * LOW HITPOINT WARNING * * *
You hit the cyclops but do no damage.
The cyclops is severely wounded.
You puncture the cyclops!
Flame seeps out of the cyclops.
The cyclops is almost dead.
You hit the cyclops but do no damage.
The cyclops is almost dead.
The cyclops is engulfed in blazing flames.
Okawaru is honoured by your kill.
You can now speed up your combat.
The cyclops explodes!
The fiery explosion engulfs you!!
You die...

..#........
............
...........
...........
..........
#§§......
#°§......
#♣§.#######.
#†..........
#....)......
#####...<)....#
.....|...))....#
...............#
...............#
.$.............#
.$...#..########


There were no monsters in sight!

Vanquished Creatures
  A cyclops (D:9)
  A salamander (shapeshifter) (D:9)
  Maurice (D:8)
  2 steam dragons (D:7)
  An acid dragon (D:7)
  A water moccasin (D:6)
  Duvessa (D:7)
  3 sky beasts
  A black bear (D:5)
  An ogre (D:6)
  2 centaurs (D:6)
  2 kobold brigands
  3 bullfrogs
  5 scorpions
  8 wights
  Dowan (D:7)
  2 howler monkeys
  2 hounds (D:6)
  4 jellies
  An orc priest (D:5)
  2 sleepcaps
  Jessica (D:3)
  6 iguanas
  4 orc wizards
  Robin (D:4)
  6 adders
  A shadow imp (D:7)
  3 white imps
  5 worms
  A dart slug (D:3)
  14 orcs
  6 ball pythons
  10 endoplasms
  6 giant cockroaches (D:4)
  15 goblins
  11 hobgoblins
  16 kobolds
  4 quokkas
  4 bats
  7 frilled lizards
  6 rats
172 creatures vanquished.

Notes
Turn   | Place    | Note
-------+----------+-------------------------------------------
     0 | D:1      | Drevant2 the Merfolk Gladiator began the quest for the Orb.
     0 | D:1      | Reached XP level 1. HP: 16/16 MP: 1/1
    85 | D:1      | Reached XP level 2. HP: 22/22 MP: 2/2
   319 | D:1      | Reached skill level 5 in Polearms
   828 | D:1      | Found a faded altar of an unknown god.
  1077 | D:2      | Reached XP level 3. HP: 27/27 MP: 3/3
  1436 | D:2      | Reached skill level 6 in Polearms
  1604 | D:2      | Reached XP level 4. HP: 33/33 MP: 4/4
  1744 | D:3      | Noticed Jessica
  1763 | D:3      | Killed Jessica
  1764 | D:3      | Reached skill level 7 in Polearms
  2106 | D:3      | Found a radiant altar of Vehumet.
  2357 | D:4      | Noticed a scorpion
  2359 | D:4      | Reached XP level 5. HP: 38/38 MP: 5/5
  2375 | D:4      | Noticed a sky beast
  2375 | D:4      | Found a stormy altar of Qazlal.
  2406 | D:3      | Killed a sky beast
  2407 | D:3      | Reached skill level 8 in Polearms
  2775 | D:4      | Found a white marble altar of Elyvilon.
  2780 | D:4      | Found a glowing golden altar of the Shining One.
  2838 | D:4      | Reached XP level 6. HP: 25/44 MP: 6/6
  2946 | D:4      | Found a snail-covered altar of Cheibriados.
  2983 | D:4      | Noticed Robin
  3005 | D:4      | Killed Robin
  3006 | D:4      | Reached skill level 9 in Polearms
  3327 | D:4      | Found a shimmering blue altar of Sif Muna.
  3335 | D:4      | Found Qariede's Jewellery Shoppe.
  3393 | D:4      | Reached skill level 10 in Polearms
  3393 | D:4      | Reached XP level 7. HP: 29/50 MP: 7/7
  3722 | D:4      | Bought a ring of poison resistance for 220 gold pieces
  3827 | D:4      | Reached skill level 5 in Dodging
  3907 | D:5      | Entered Level 5 of the Dungeon
  3937 | D:5      | Found a staircase to the Ecumenical Temple.
  3948 | Temple   | Entered the Ecumenical Temple
  3970 | Temple   | Became a worshipper of Warmaster Okawaru
  4644 | D:5      | Reached XP level 8. HP: 48/56 MP: 8/8
  5193 | D:6      | Reached * piety under Okawaru
  5646 | D:6      | Reached skill level 5 in Fighting
  5796 | D:6      | Found a hide-covered altar of Uskayaw.
  6026 | D:6      | Found a glowing silver altar of Zin.
  6042 | D:6      | Reached XP level 9. HP: 69/69 MP: 9/9
  6618 | D:6      | Reached ** piety under Okawaru
  7034 | D:7      | Found a basalt altar of Yredelemnul.
  7293 | D:7      | Noticed Duvessa
  7293 | D:7      | Noticed Dowan
  7542 | D:7      | Reached skill level 11 in Polearms
  7858 | D:7      | Reached skill level 12 in Polearms
  8310 | D:7      | Killed Dowan
  8340 | D:7      | Killed Duvessa
  8340 | D:7      | Reached *** piety under Okawaru
  8721 | D:8      | Noticed a two-headed ogre
  8808 | D:8      | Reached skill level 13 in Polearms
  8972 | D:8      | Noticed Maurice
  9201 | D:8      | Maurice stole a ring of wizardry
  9210 | D:8      | Something stole 11 javelins
  9212 | D:8      | Something stole 242 gold
  9213 | D:8      | Killed Maurice
  9214 | D:8      | Reached XP level 10. HP: 55/80 MP: 10/10
  9405 | D:9      | Reached skill level 14 in Polearms
  9418 | D:9      | Noticed a salamander
  9438 | D:9      | Killed a salamander
  9457 | D:9      | Noticed a cyclops
  9466 | D:9      | Killed a cyclops
  9466 | D:9      | Reached **** piety under Okawaru
  9466 | D:9      | Killed by an exploding cyclops... ignited by their inner
                  | flame

Illustrated notes

Levels and vault maps discovered:
D:1:      giann_wishing_wells, layout_basic,
          dreamdust_ecumenical_altar_angels_and_demons
D:2:      layout_loops_cross, chequers_avenue, chequers_serial_rivers_small_3
D:3:      layout_rooms, mainiacjoe_overflow_boulevard, uniq_jessica
D:4:      minmay_door_path, layout_gridville, kennysheep_mini_moat,
          cheibriados_altar_1, mainiacjoe_overflow_small_starburst,
          overflow_temple_1_default, nicolae_qazlal_beasts_of_the_sky,
          serial_shops, shop_fountains, hangedman_abyss_or_decor_lesser_grid,
          st_stairs_2, uniq_robin
D:5:      layout_basic, minmay_temple_entry_ruins, grunt_ministairs_5,
          chequers_serial_rivers_micro_d, minmay_lizard_king
D:6:      layout_basic, nicolae_uskayaw_suspiria,
          mainiacjoe_overflow_concentric_impassable
D:7:      layout_basic, lemuel_tele_altar, uniq_duvessa
D:8:      layout_basic, uniq_maggie, uniq_maurice, uniq_psyche
D:9:      minmay_cut_squares, layout_grid_maze,
          nicolae_kikubaaqudgha_miasma_corner, kennysheep_windowed_goal,
          uniq_grum
Temple:   chequers_temple_sunken

Skill      XL: |  1  2  3  4  5  6  7  8  9 10 |
---------------+-------------------------------+-----
Polearms       | 5 6 7 8 10 13 14 | 14.6
Dodging        | 7 9 |  9.2
Fighting       | 6 7 |  7.8
Throwing       | |  2.0

Action                     |  1- 3 |  4- 6 |  7- 9 | 10-12 || total
---------------------------+-------+-------+-------+-------++-------
  Melee: Trident           |   115 |   174 |   526 |    53 ||   868
         Punch             |       |     1 |     7 |       ||     8
  Throw: Throwing net      |       |       |     4 |       ||     4
  Evoke: Wand              |       |       |     1 |     3 ||     4
    Use: Potion            |       |     4 |     2 |     2 ||     8
         Scroll            |       |     2 |     5 |     1 ||     8
   Stab: Sleeping          |     5 |     4 |       |       ||     9
         Held in net/web   |       |       |     2 |       ||     2
 Armour: Leather armour    |    34 |    73 |   217 |    13 ||   337
         Skin              |       |       |       |     6 ||     6
  Dodge: Dodged            |    60 |    60 |   294 |    19 ||   433
         Repelled          |       |       |     6 |       ||     6

Table legend: (Time is in decaauts)
 A = Elapsed time spent in this place.
 B = Non-inter-level travel time spent in this place.
 C = Inter-level travel time spent in this place.
 D = Time resting spent in this place.
 E = Time spent auto-exploring this place.
 F = Levels seen in this place.
 G = Mean time per level.
                   A        B        C        D        E       F      G
               +--------+--------+--------+--------+--------+-----+--------+
         Total |   9285 |   7643 |   1642 |   1942 |   4114 |  10 |  928.5 |
       Dungeon |   9248 |   7640 |   1608 |   1942 |   4114 |   9 | 1027.6 |
        Temple |     37 |      3 |     34 |      0 |      0 |   1 |   37.0 |
               +--------+--------+--------+--------+--------+-----+--------+

Top non-repeatable levels by time:
     D:5: 1657 daAuts
     D:7: 1610 daAuts
     D:6: 1451 daAuts
     D:4: 1258 daAuts
     D:1: 966 daAuts
     D:3: 911 daAuts
     D:2: 736 daAuts
     D:8: 593 daAuts
     D:9: 61 daAuts
  Temple: 37 daAuts
